 Dungeon Crawl Stone Soup version 0.30.1-11-g7821555f0a (webtiles) character file.

Game seed: 16154553584427097271

2 auo the Firebug (level 1, 0/14 HPs)
             Began as a Hill Orc Fire Elementalist on Nov 26, 2023.
             Slain by a quokka (2 damage)
             ... on level 1 of the Dungeon.
             The game lasted 00:02:19 (155 turns).

auo the Firebug (Hill Orc Fire Elementalist)         Turns: 155, Time: 00:02:20

Health: 0/14       AC:  2    Str: 10    XL:     1   Next: 30%
Magic:  3/3        EV: 12    Int: 15    God:
Gold:   39         SH:  0    Dex: 11    Spells: 2/3 levels left

rFire   . . .        c - staff of earth
rCold   . . .        (no shield)
rNeg    . . .        a - +0 robe
rPois   .            (no helmet)
rElec   .            (no cloak)
rCorr   .            (no gloves)
SInv    .            (no boots)
Will    .....        (no amulet)
Stlth   ++           (no ring)
HPRegen 0.22/turn    (no ring)
MPRegen 0.08/turn

%: no passive effects
@: no status effects
A: no striking features
a: no special abilities


You were on level 1 of the Dungeon.
You visited 1 branch of the dungeon, and saw 1 of its levels.

You collected 39 gold pieces.

Inventory:

Hand Weapons
 d - a +0 short sword
Armour
 a - a +0 robe (worn)
 g - a +0 robe
Magical Staves
 c - a staff of earth (weapon)
Scrolls
 e - a scroll of identify {unknown}
Potions
 b - a potion of magic
 f - 2 potions of haste {unknown}
 h - a potion of heal wounds {unknown}


   Skills:
 + Level 1.5 Dodging
 + Level 1.5 Stealth
 + Level 1.7 Spellcasting
 + Level 1.0 Conjurations
 + Level 3.2 Fire Magic


You had 2 spell levels left.
You knew the following spells:

 Your Spells              Type           Power      Damage    Failure   Level
a - Foxfire               Conj/Fire      28%        2x1d5     10%         1

Your spell library contained the following spells:

 Spells                   Type           Power      Damage    Failure   Level
 Scorch                   Fire           22%        2d6       9%          2
 Inner Flame              Hex/Fire       6%         N/A       34%         3
 Volatile Blastmotes      Fire/Tloc      12%        2d11      34%         3
 Flame Wave               Conj/Fire      7%         2d5       67%         4


Dungeon Overview and Level Annotations

Branches:
Dungeon (1/15)

Altars:


Message History

You see here a giant cockroach corpse.
There are no objects that can be picked up here. a giant cockroach corpse No target in view!
You see here a giant cockroach corpse.
There is an escape hatch in the floor here.
Found 15 gold pieces and 8 stones.
You see here 8 stones.
You now have 39 gold pieces (gained 15).
You see here 8 stones.
Okay, then.
Found a robe and a coppery potion.
You see here a +0 robe.
g - a +0 robe No target in view!
Okay, then.
h - a coppery potion A kobold comes into view.
It is wielding a +0 dagger.
The kobold shouts!
You hear a shout!
A hobgoblin comes into view.
Found a stone staircase leading down.
The kobold hits you with a +0 dagger.
A quokka comes into view.
Found a scroll labelled FUGI TIGIRR.
The kobold hits you with a +0 dagger. The hobgoblin closely misses you.
You completely miss the kobold. The kobold hits you with a +0 dagger.
The hobgoblin barely misses you.
You hit the kobold.
You kill the kobold!
The hobgoblin closely misses you. The hobgoblin misses you.
You barely miss the hobgoblin. The hobgoblin closely misses you.
You barely miss the hobgoblin. The quokka bites you.
The hobgoblin barely misses you. The quokka bites you.
* * * LOW HITPOINT WARNING * * *
The hobgoblin closely misses you.
You barely miss the hobgoblin. The quokka barely misses you.
The hobgoblin hits you.
* * * LOW HITPOINT WARNING * * *
You barely miss the hobgoblin. The quokka bites you.
You die...

######### .........
###.?...... ......>.#
#.......# .......#
######gr...##
####.....@.....#
###....###)......#
#...#### #.......#
......#....####.....##
...####............##
.. #....#####.....
###.## #####. #.#
.#### #.#########
#.#..


You could see a quokka and a hobgoblin.

Vanquished Creatures
  A giant cockroach (D:1)
  A kobold (D:1)
2 creatures vanquished.

Notes
Turn   | Place    | Note
-------+----------+-------------------------------------------
     0 | D:1      | auo the Hill Orc Fire Elementalist began the quest for the
                  | Orb.
     0 | D:1      | Reached XP level 1. HP: 14/14 MP: 3/3
   155 | D:1      | Slain by a quokka

Illustrated notes

Levels and vault maps discovered:
D:1:      tarquinn_simple_flora_water_b, layout_rooms, basic_ecumenical_altar,
          minmay_misc_feat_rows

Action                     || total
---------------------------++-------
  Melee: Staff             ||     8
         Unarmed           ||     3
 Armour: Robe              ||     1
  Dodge: Dodged            ||     9
